 Dungeon Crawl Stone Soup version 0.31.0-12-g77e489cdc1 (webtiles) character file.

Game seed: 12816323594372189577

734 Longtemps the Chopper (level 8, -2/62 HPs)
             Began as a Formicid Chaos Knight on Feb 18, 2024.
             Was a Plaything of Xom.
             Slain by Edmund the tengu (shapeshifter)
             ... wielding a +1 flail of distortion
              (4 damage)
             ... on level 5 of the Dungeon.
             The game lasted 00:09:44 (3664 turns).

Longtemps the Chopper (Formicid Chaos Knight)       Turns: 3664, Time: 00:10:14

Health: -2/62      AC:  3    Str: 26    XL:     8   Next: 4%
Magic:  8/8        EV: 12    Int:  9    God:    Xom [......]
Gold:   122        SH:  0    Dex: 13    Spells: 7/7 levels left

rFire   . . .        a - +0 hand axe (chaos)
rCold   . . .        (no shield)
rNeg    . . .        b - +2 leather armour
rPois   .            (helmet unavailable)
rElec   .            (no cloak)
rCorr   .            (no gloves)
SInv    +            (no boots)
Will    ++...        (no amulet)
Stlth   ++           m - +6 ring of strength
HPRegen 0.30/turn    (no ring)
MPRegen 0.11/turn

%: no passive effects
@: no status effects
A: permanent stasis, dig shafts and tunnels, antennae 3, four strong arms,
hooves 2, deformed body, dopey 1, strong-willed 2
a: Dig, Shaft Self, Renounce Religion


You were on level 5 of the Dungeon.
You worshipped Xom.
You were a very special plaything of Xom.
You visited 1 branch of the dungeon, and saw 5 of its levels.

You collected 254 gold pieces.
You spent 132 gold pieces at shops.

Inventory:

Hand Weapons
 a - a +0 hand axe of chaos (weapon)
 i - a +0 dagger
Missiles
 j - 41 stones
 k - 11 poisoned darts
 v - 7 boomerangs
Armour
 b - a +2 leather armour (worn)
Jewellery
 e - a ring of fire
 m - a +6 ring of strength (left hand)
 r - a ring of protection from fire
Talismans
 y - the maw talisman "Quqeh" {*Corrode rPois rC+++ rN+}
   (You found it on level 5 of the Dungeon)

   [maw talisman]

   rC+++:     It renders you almost immune to cold.
   rPois:     It protects you from poison rN+: It protects you from negative
   energy.
   *Corrode:  It may corrode you when you take damage.
Scrolls
 c - a scroll of butterflies
 d - a scroll of summoning {unknown}
 f - a scroll of vulnerability {unknown}
 h - 5 scrolls of identify {unknown}
 l - a scroll of revelation {unknown}
 o - 2 scrolls of teleportation {unknown}
 p - a scroll of poison {unknown}
 q - a scroll of blinking {unknown}
 u - a scroll of brand weapon {unknown}
Potions
 g - 3 potions of lignification
 n - a potion of enlightenment {unknown}
 s - 3 potions of heal wounds
 t - 2 potions of curing
 w - a potion of might {unknown}
 x - a potion of attraction {unknown}


   Skills:
 + Level 5.0 Fighting
 + Level 6.1 Axes
 + Level 0.4 Throwing
 + Level 3.0 Armour
 + Level 2.7 Dodging
 + Level 4.6 Stealth


You had 7 spell levels left.
You didn't know any spells.
Your spell library contained the following spells:

 Spells                   Type           Power      Damage    Failure   Level
 Call Canine Familiar     Summ           0%         N/A       80%         3
 Sigil of Binding         Hex            0%         N/A       80%         3
 Dimensional Bullseye     Hex/Tloc       0%         N/A       99%         4


Dungeon Overview and Level Annotations

Branches:
Dungeon (5/15)
 Temple: D:4-7

Altars:

Shops:
D:3 ?!*[*

Annotations:
D:4 Eustachio
D:5 Edmund


Innate Abilities, Weirdness & Mutations

You cannot be hasted, slowed, berserked, paralysed or teleported.
You can dig through walls and to a lower floor.
You have a pair of large antennae on your head. (SInv)
Your four strong arms can wield two-handed weapons with a shield.
You have hoof-like feet.
Armour fits poorly on your strangely shaped body.
You are dopey. (Int -2)
You are highly strong-willed. (Will++)


Message History

Edmund hits you with a +1 flail of distortion.
You hit Edmund but do no damage.
Edmund is lightly wounded.
You slash the howler monkey!
Edmund hits you with a +1 flail of distortion!
A shower of butterflies erupts from you!
Space warps horribly around you!
The howler monkey hits you but does no damage.
You hit Edmund but do no damage.
Edmund is lightly wounded.
You hit the howler monkey. "Hum-dee-hum-dee-hum..."
Edmund changes into a shapeshifter!
Edmund the shapeshifter changes into a tengu!
The howler monkey closely misses you.
You slash Edmund!
Edmund is moderately wounded.
You hit the howler monkey.
You kill the howler monkey!
You feel your dexterity returning.
Your Fighting skill increases to level 5!
Your Armour skill increases to level 3!
You have reached level 8!
You feel stronger.
You hit Edmund.
Edmund seems to grow stronger.
Edmund is moderately wounded.
Edmund picks up a +1 flail of distortion.
Edmund wields a +1 flail of distortion.
Its appearance distorts for a moment.
Edmund picks up a +4 chain mail of fire resistance.
Edmund wears a +4 chain mail of fire resistance.
You closely miss Edmund. Your kick misses Edmund.
Edmund is moderately wounded.
You barely miss Edmund.
Edmund is moderately wounded.
Edmund hits you with a +1 flail of distortion!!
* * * LOW HITPOINT WARNING * * *
Space warps around you.
You die...
Edmund says, "That'll show my brother!"
Xom roars with laughter!

#.#.........####........#
#.##.......## ##.#.#.###
##.....## ##.#..# ##...##
##.###.## ##+# #.## ##.#
##. ##.###<## ##..
##.#.## ##..†#### ##.##
##...Q@..# #.#
....b.b...########.#
###.b.b.#..........#
#....bb.#.########
#.#.###...# #.## #.### #
...# #####


You could see Edmund the tengu shaped shifter (strong, ally target).

Vanquished Creatures
  An ogre (D:5)
  A scorpion (D:4)
  2 howler monkeys (D:5)
  3 hounds (D:5)
  Jessica (D:3)
  An orc wizard (D:5)
  9 adders
  A white imp (D:5)
  3 dart slugs
  A ribbon worm (D:3)
  7 orcs
  7 endoplasms
  5 giant cockroaches
  5 goblins
  9 hobgoblins
  3 jackals (D:4)
  5 kobolds
  A quokka (D:5)
  9 ball pythons
  6 bats
  3 frilled lizards
  8 rats
91 creatures vanquished.

Vanquished Creatures (collateral kills)
  Grinder (D:3)
  An endoplasm (D:3)
  A rat (D:3)
3 creatures vanquished.

Vanquished Creatures (others)
  An adder zombie (D:5)
  A kobold (D:3)
2 creatures vanquished.

Grand Total: 96 creatures vanquished

Notes
Turn   | Place    | Note
-------+----------+-------------------------------------------
     0 | D:1      | Longtemps the Formicid Chaos Knight began the quest for the
                  | Orb.
     0 | D:1      | Reached XP level 1. HP: 18/18 MP: 1/1
    95 | D:1      | Reached XP level 2. HP: 24/24 MP: 2/2
   161 | D:1      | Found a faded altar of an unknown god.
   177 | D:1      | XOM: divination: detect creatures
   258 | D:1      | Reached XP level 3. HP: 30/30 MP: 3/3
   354 | D:1      | XOM: divination: detect items
   426 | D:1      | Reached skill level 1 in Dodging
   784 | D:2      | XOM: noise
   824 | D:2      | Reached XP level 4. HP: 37/37 MP: 4/4
  1012 | D:2      | XOM: smoke on damage
  1017 | D:2      | Reached skill level 1 in Stealth
  1041 | D:2      | Reached skill level 4 in Axes
  1078 | D:2      | XOM: stat loss: -1 Int (10/11)
  1096 | D:2      | XOM: summons 3 hostile shadow creatures
  1461 | D:3      | XOM: give mutations
  1461 | D:3      | Gained mutation: Your skin changes colour to match your
                  | surroundings (Stealth+). [Xom's mischief]
  1461 | D:3      | Gained mutation: Your movements are slightly less
                  | encumbered by armour. (ER -2) [Xom's mischief]
  1461 | D:3      | Gained mutation: You have large cloven feet. [Xom's
                  | mischief]
  1461 | D:3      | Gained mutation: Armour fits poorly on your strangely
                  | shaped body. [Xom's mischief]
  1570 | D:3      | Noticed Grinder
  1574 | D:3      | XOM: cast spell 'Monstrous Menagerie'
  1580 | D:3      | Killed Grinder
  1581 | D:3      | Reached XP level 5. HP: 40/43 MP: 5/5
  1581 | D:3      | Reached XP level 6. HP: 45/49 MP: 6/6
  1763 | D:3      | XOM: summons 2 hostile demons
  1863 | D:3      | Noticed Jessica
  1869 | D:3      | Killed Jessica
  1870 | D:3      | Reached skill level 5 in Axes
  1968 | D:3      | Found Olax's Assorted Antiques.
  2109 | D:3      | Found Ankuger's Armour Boutique.
  2136 | D:3      | Found Nejopeufali's General Store.
  2139 | D:3      | Bought a potion of lignification for 36 gold pieces
  2139 | D:3      | Bought a potion of heal wounds for 60 gold pieces
  2168 | D:3      | Found Jaenizy's Distillery.
  2191 | D:3      | Bought a potion of curing for 36 gold pieces
  2424 | D:3      | Found Ruadwaf's Magic Scroll Shop.
  2504 | D:4      | XOM: give mutation
  2504 | D:4      | Gained mutation: You are strong-willed. (Will+) [Xom's
                  | mischief]
  2612 | D:4      | Reached XP level 7. HP: 40/55 MP: 7/7
  2670 | D:4      | Noticed Eustachio
  2674 | D:5      | Entered Level 5 of the Dungeon
  2678 | D:5      | XOM: give mutations
  2678 | D:5      | Gained mutation: You have hoof-like feet. [Xom's mischief]
  2678 | D:5      | Lost mutation: Your movements are slightly less encumbered
                  | by armour. (ER -2) [Xom's mischief]
  2678 | D:5      | Gained mutation: You are dopey. (Int -2) [Xom's mischief]
  2678 | D:5      | Gained mutation: You are very dopey. (Int -4) [Xom's
                  | mischief]
  2958 | D:5      | XOM: enchant monster (bad)
  2974 | D:5      | XOM: swap monsters
  3164 | D:5      | XOM: stat loss: -1 Dex (12/13)
  3165 | D:5      | Reached skill level 6 in Axes
  3415 | D:5      | Identified the maw talisman "Quqeh" {*Corrode rPois rC+++
                  | rN+}
  3420 | D:5      | XOM: give mutations
  3420 | D:5      | Gained mutation: You are highly strong-willed. (Will++)
                  | [Xom's mischief]
  3420 | D:5      | Lost mutation: Your skin changes colour to match your
                  | surroundings (Stealth+). [Xom's mischief]
  3420 | D:5      | Lost mutation: You are very dopey. (Int -4) [Xom's
                  | mischief]
  3652 | D:5      | Noticed Edmund
  3659 | D:5      | XOM: butterfly on damage
  3660 | D:5      | Edmund changed into Edmund the shapeshifter
  3660 | D:5      | Noticed Edmund (shapeshifter)
  3660 | D:5      | XOM: polymorph Edmund -> Edmund the shapeshifter
  3660 | D:5      | Edmund the shapeshifter changed into Edmund the tengu
  3662 | D:5      | Reached skill level 5 in Fighting
  3662 | D:5      | Reached XP level 8. HP: 26/62 MP: 8/8
  3664 | D:5      | HP: 2/62 [Edmund the tengu (shapeshifter)/+1 flail of
                  | distortion (25)]
  3664 | D:5      | Slain by Edmund the tengu (shapeshifter)

Illustrated notes

Levels and vault maps discovered:
D:1:      grunt_arrival_lava_bath, layout_loops_ring,
          shapermc_ecumenical_altar_starsandcircs, chequers_decorated_corner,
          st_stairs_8, minmay_worlds_worst_comb
D:2:      layout_loops_cross
D:3:      layout_basic, serial_shops, shop, nicolae_shop_rolled_up, shop,
          shop_statue, shop, uniq_jessica, uniq_grinder
D:4:      layout_basic, minmay_temple_entry_statues_fountains, uniq_robin,
          uniq_eustachio
D:5:      layout_loops_corners, minivault_5, uniq_edmund

Skill      XL: |  1  2  3  4  5  6  7 |
---------------+----------------------+-----
Fighting       | 4 5 |  5.0
Dodging        | 1 2 |  2.7
Stealth        | 2 3 4 |  4.6
Axes           | 4 5 6 |  6.1
Armour         | 3 |  3.0
Throwing       | |  0.4

Action                     |  1- 3 |  4- 6 |  7- 9 || total
---------------------------+-------+-------+-------++-------
  Melee: Hand axe          |    93 |    90 |    79 ||   262
         Punch             |     1 |     1 |     1 ||     3
         Kick              |       |    19 |    14 ||    33
  Throw: Dart              |       |     2 |       ||     2
   Stab: Sleeping          |     3 |     8 |     1 ||    12
         Confused          |       |     2 |     1 ||     3
         Distracted        |       |       |     1 ||     1
 Armour: Leather armour    |    63 |    39 |    40 ||   142
  Dodge: Dodged            |    75 |    50 |    41 ||   166
